 Dungeon Crawl Stone Soup version 0.30-a0-390-g80c34de65d (webtiles) character file.

Game seed: 5803557717751710780

44 Bnni the Shield-Bearer (level 3, 30/30 HPs)
             Began as a Formicid Fighter on Dec 4, 2022.
             Was a Follower of Wu Jian.
             Quit the game on level 2 of the Dungeon.
             The game lasted 00:02:16 (759 turns).

Bnni the Shield-Bearer (Formicid Fighter)            Turns: 759, Time: 00:02:16

Health: 30/30      AC:  6    Str: 22    XL:     3   Next: 85%
Magic:  3/3        EV:  9    Int:  7    God:    Wu Jian [*.....]
Gold:   113        SH:  5    Dex: 13    Spells: 2/2 levels left

rFire   . . .      SeeInvis +    a - +0 trident
rCold   . . .      Faith    .    c - +0 buckler
rNeg    . . .      Spirit   .    b - +0 scale mail
rPois   .          Reflect  .    (helmet unavailable)
rElec   .          Harm     .    (no cloak)
rCorr   .          Rampage  .    (no gloves)
Will    .....                    (no boots)
Stlth   ..........               (no amulet)
HPRegen 0.25/turn                e - ring of flight
MPRegen 0.08/turn                (no ring)

@: flying
A: permanent stasis, dig shafts and tunnels, antennae 3, four strong arms
a: Dig, Shaft Self, Renounce Religion


You were on level 2 of the Dungeon.
You worshipped Wu Jian.
Wu Jian was aware of your devotion.
You visited 1 branch of the dungeon, and saw 2 of its levels.

You collected 113 gold pieces.

Inventory:

Hand Weapons
 a - a +0 trident (weapon)
Armour
 b - a +0 scale mail (worn)
 c - a +0 buckler (worn)
Jewellery
 e - a ring of flight (left hand)
Scrolls
 j - a scroll of identify {unknown}
Potions
 d - a potion of might
 f - a potion of heal wounds {unknown}
 g - a potion of attraction {unknown}
 h - 3 potions of curing {unknown}
 i - a potion of berserk rage {unknown}
 k - a potion of resistance {unknown}


   Skills:
 + Level 3.6 Fighting
 * Level 2.8 Polearms
 - Level 3.2 Armour
 * Level 4.9 Shields


You had 2 spell levels left.
You didn't know any spells.
Your spell library was empty.

Dungeon Overview and Level Annotations

Branches:
Dungeon (2/15)

Altars:
Wu Jian


Innate Abilities, Weirdness & Mutations

You cannot be hasted, slowed, berserked, paralysed or teleported.
You can dig through walls and to a lower floor.
You have a pair of large antennae on your head. (SInv)
Your four strong arms can wield two-handed weapons with a shield.


Message History

A kobold comes into view. It is wielding a +0 short sword.
The kobold shouts!
The kobold throws a stone.
The stone barely misses you.
A rat comes into view.
Found 5 gold pieces.
Found a faded altar of an unknown god.
The rat moves out of view.
You reach to attack!
You hit the kobold.
You kill the kobold!
No target in view!
No target in view!
No target in view!
No target in view!
No target in view!
No target in view!
No target in view!
No target in view!
No target in view!
No target in view!
No target in view!
You now have 113 gold pieces (gained 11).
Found 6 stones.
You block the rat's attack.
Unknown command.
You hit the rat but do no damage. The rat bites you but does no damage.
You closely miss the rat. The rat closely misses you.
You hit the rat.
You kill the rat!
No target in view!
A rat comes into view.
Unknown command.
Unknown command.
You hit the rat.
You kill the rat!
No target in view!
There is a faded altar of an unknown god here.
This altar belongs to (a) Ru, (b) Wu Jian or (c) Yredelemnul, but you can't tell which.
Press the corresponding letter to learn more about a god, or press enter to convert or escape to cancel.
Wu Jian accepts your prayer! The Council welcomes you!
You can now perform damaging attacks by moving towards foes.
You can now lightly attack monsters by moving around them.
Are you sure you want to abandon this character and quit the game? (Confirm with "yes".)

#... .# ...#####.##
##.#.....#.##
###.##.#~.....~..#
....#.#.~~...~.~#.
#...#..~.~~~(~..#
#..#~~~~≈≈.~...#
##....†.≈@.≈....# {
#...#~~~~≈≈.~...#
##..#..~.~~~.~..# { {
#...#.~~...~.~#.
#..#$#~.)...~..# ###
####..##.#.....#.##
..####.##†.###.#####.##
....................##
...........##########


There were no monsters in sight!

Vanquished Creatures
  An adder (D:2)
  3 ball pythons
  3 bats
  4 endoplasms (D:1)
  A giant cockroach (D:1)
  4 goblins
  A hobgoblin (D:1)
  4 jackals (D:1)
  2 kobolds
  3 frilled lizards (D:1)
  6 rats
32 creatures vanquished.

Notes
Turn   | Place    | Note
-------+----------+-------------------------------------------
     0 | D:1      | Bnni the Formicid Fighter began the quest for the Orb.
     0 | D:1      | Reached XP level 1. HP: 18/18 MP: 1/1
   140 | D:1      | Reached XP level 2. HP: 23/24 MP: 2/2
   367 | D:1      | Reached XP level 3. HP: 29/29 MP: 3/3
   739 | D:2      | Found a faded altar of an unknown god.
   758 | D:2      | Prayed at the altar of an unknown god.
   758 | D:2      | Became a worshipper of the Wu Jian Council
   758 | D:2      | Reached * piety under Wu Jian
   759 | D:2      | Quit the game

Illustrated notes

Levels and vault maps discovered:
D:1:      lemuel_arrival_rhombus, layout_loops_ring
D:2:      wad_crossroads, layout_loops_ring, basic_altar,
          shapermc_ecumenical_altar_starsandcircs, minmay_pentomino_u2

Action                   || total
-------------------------++-------
Melee: Trident           ||    85
Armor: Scale mail        ||    22
Dodge: Dodged            ||    32
Block: Buckler           ||    16

Table legend: (Time is in decaauts)
 A = Elapsed time spent in this place.
 B = Non-inter-level travel time spent in this place.
 C = Inter-level travel time spent in this place.
 D = Time resting spent in this place.
 E = Time spent auto-exploring this place.
 F = Levels seen in this place.
 G = Mean time per level.
                   A        B        C        D        E       F      G
               +--------+--------+--------+--------+--------+-----+--------+
         Total |    775 |    764 |     11 |      0 |    572 |   2 |  387.5 |
       Dungeon |    775 |    764 |     11 |      0 |    572 |   2 |  387.5 |
               +--------+--------+--------+--------+--------+-----+--------+

Top non-repeatable levels by time:
     D:1: 638 daAuts
     D:2: 136 daAuts
